 Dungeon Crawl Stone Soup version 0.29-a0-284-gf9362112df (webtiles) character file.

Game seed: 11260684554437742584

51 sammy202020 the Skirmisher (level 3, -1/24 HPs)
             Began as a Gargoyle Berserker on Mar 20, 2022.
             Was a Believer of Trog.
             Slain by an iguana (11 damage)
             ... on level 2 of the Dungeon.
             The game lasted 00:02:23 (1879 turns).

sammy202020 the Skirmisher (Gargoyle Berserker)     Turns: 1879, Time: 00:02:24

Health: -1/24      AC: 13    Str: 20    XL:     3   Next: 83%
Magic:  3/3        EV: 11    Int:  9    God:    Trog [**....]
Gold:   78         SH:  0    Dex:  9    Spells: 2/2 levels left

rFire   . . .      SeeInvis .   a - +0 mace
rCold   . . .      Faith    .   (no shield)
rNeg    + . .      Spirit   .   j - +0 ring mail
rPois   ∞          Reflect  .   k - +2 helmet
rElec   +          Harm     .   c - +0 cloak
rCorr   .          Rampage  .   (no gloves)
Will    .....                   (no boots)
Stlth   ..........              (no amulet)
HPRegen 0.08/turn               (no ring)
MPRegen 0.08/turn               (no ring)

@: no status effects
A: sickness immunity, AC +3, negative energy resistance 1, electricity
resistance, torment resistance 1, petrification resistance
a: Renounce Religion, Berserk, Trog's Hand


You were on level 2 of the Dungeon.
You worshipped Trog.
Trog was pleased with you.
You visited 1 branch of the dungeon, and saw 2 of its levels.

You collected 78 gold pieces.

Inventory:

Hand Weapons
 a - a +0 mace (weapon)
Armour
 c - a +0 cloak (worn)
 j - a +0 ring mail (worn)
 k - a +2 helmet (worn)
Scrolls
 e - 2 scrolls of identify {unknown}
 i - a scroll of torment {unknown}
Potions
 b - a potion of heal wounds {unknown}
 d - 4 potions of attraction {unknown}
 f - a potion of mutation {unknown}
 g - a potion of flight {unknown}
 h - a potion of might {unknown}


   Skills:
 * Level 3.9 Fighting
 * Level 3.4 Maces & Flails
 * Level 3.0 Armour
 + Level 1.9 Dodging


You had 2 spell levels left.
You didn't know any spells.
Your spell library was empty.

Dungeon Overview and Level Annotations

Branches:
Dungeon (2/15)

Altars:
Vehumet

Shops:
D:2 (


Innate Abilities, Weirdness & Mutations

You are immune to sickness and miasma.
Your stone body is resilient. (AC +3)
You are immune to poison.
You resist negative energy. (rN+)
You are resistant to electric shocks. (rElec)
You are resistant to unholy torment.
You are immune to petrification.


Message History

No target in view!
No target in view!
No target in view!
No target in view!
Things that are here:
a +2 short sword of venom; a +0 leather armour; an orc corpse
Found a stone staircase leading down.
There is a stone staircase leading down here.
An iguana comes into view.
The iguana hisses angrily.
The iguana bites you.
You hit the iguana but do no damage. The iguana bites you!
You hit the iguana but do no damage.
The iguana bites you but does no damage.
The iguana bites you.
You are too injured to fight recklessly!
You are too injured to fight recklessly!
You are too injured to fight recklessly!
You are too injured to fight recklessly!
You are too injured to fight recklessly!
You are too injured to fight recklessly!
You are too injured to fight recklessly!
You are too injured to fight recklessly!
You are too injured to fight recklessly!
An iguana is nearby!
You are too injured to fight recklessly!
You sock the iguana!
The iguana is heavily wounded.
The iguana closely misses you.
Okay, then.
You hit the iguana but do no damage.
The iguana is heavily wounded.
The iguana bites you.
You completely miss the iguana.
The iguana is heavily wounded.
The iguana closely misses you.
You hit the iguana but do no damage.
The iguana is heavily wounded.
The iguana bites you!
You die...

...........#
...........#
...........#
...........#########
....).............>#
............######.#
##########..# #.#
............######.#
##########†.#..l@..#
..........).#.######
..####......# ..#
#.......#
#.###..._...#
#..##.......#
#..##.......#
#...#.###...#
#.#.#.......#


You could see an iguana.

Vanquished Creatures
  Robin (D:2)
  2 worms (D:2)
  An orc (D:2)
  3 ball pythons
  A giant cockroach (D:1)
  6 goblins
  3 hobgoblins
  3 jackals (D:1)
  6 kobolds
  A quokka (D:1)
  3 bats
  2 rats (D:1)
32 creatures vanquished.

Notes
Turn   | Place    | Note
-------+----------+-------------------------------------------
     0 | D:1      | sammy202020 the Gargoyle Berserker began the quest for the
                  | Orb.
     0 | D:1      | Reached XP level 1. HP: 14/14 MP: 1/1
   309 | D:1      | Reached XP level 2. HP: 12/19 MP: 2/2
  1256 | D:2      | Found a radiant altar of Vehumet.
  1319 | D:2      | Found Xigom's Weapon Shoppe.
  1364 | D:2      | Reached XP level 3. HP: 21/24 MP: 3/3
  1520 | D:2      | Reached ** piety under Trog
  1615 | D:2      | Noticed Robin
  1630 | D:2      | Killed Robin
  1879 | D:2      | Slain by an iguana

Illustrated notes

Levels and vault maps discovered:
D:1:      erik_arrival_triangle_large, layout_basic, grunt_decor_arrowhead,
          item_on_display_a
D:2:      layout_basic, serial_shops, nicolae_shop_bloodbath_and_beyond,
          basic_altar, nicolae_wormholes, uniq_robin

Skill      XL: |  1  2  3 |
---------------+----------+-----
Armour         | 3 |  3.0
Fighting       | |  3.9
Maces & Flails | |  3.4
Dodging        | |  1.9

Action                   || total
-------------------------++-------
Melee: Mace              ||    95
       Punch             ||     1
Invok: Berserk           ||     1
       Trog's Hand       ||     1
 Stab: Sleeping          ||     1
Armor: Animal skin       ||     9
       Leather armour    ||    17
       Ring mail         ||    17
Dodge: Dodged            ||    66

Table legend: (Time is in decaauts)
 A = Elapsed time spent in this place.
 B = Non-inter-level travel time spent in this place.
 C = Inter-level travel time spent in this place.
 D = Time resting spent in this place.
 E = Time spent auto-exploring this place.
 F = Levels seen in this place.
 G = Mean time per level.
                   A        B        C        D        E       F      G
               +--------+--------+--------+--------+--------+-----+--------+
         Total |   1910 |   1910 |      0 |      0 |   1515 |   2 |  955.0 |
       Dungeon |   1910 |   1910 |      0 |      0 |   1515 |   2 |  955.0 |
               +--------+--------+--------+--------+--------+-----+--------+

Top non-repeatable levels by time:
     D:1: 1215 daAuts
     D:2: 694 daAuts
